 Dungeon Crawl Stone Soup version 0.27.0-1-g7a089689b8 (webtiles) character file.

Game seed: 3226281578284364300

58 ZARRMARR the Chopper (level 4, 0/40 HPs)
             Began as a Hill Orc Monk on Aug 12, 2021.
             Slain by a jackal (2 damage)
             ... on level 2 of the Dungeon.
             The game lasted 00:05:25 (1594 turns).

ZARRMARR the Chopper (Hill Orc Monk)                Turns: 1594, Time: 00:05:26

Health: 0/40       AC:  3    Str: 13    XL:     4   Next: 1%
Magic:  4/4        EV: 12    Int: 11    God:
Gold:   33         SH:  0    Dex: 13    Spells: 3/3 levels left

rFire    . . .     SeeInvis .   j - +0 war axe
rCold    . . .     Faith    .   (no shield)
rNeg     . . .     Spirit   .   b - +0 robe
rPois    .         Reflect  .   (no helmet)
rElec    .         Harm     .   g - +0 cloak
rCorr    .         Rampage  .   (no gloves)
Will     .....                  (no boots)
Stlth    ++........             (no amulet)
HPRegen  0.13/turn              (no ring)
MPRegen  0.09/turn              (no ring)

@: slowed, very slow
A: no striking features
a: no special abilities


You were on level 2 of the Dungeon.
You visited 1 branch of the dungeon, and saw 2 of its levels.

You collected 33 gold pieces.

Inventory:

Hand Weapons
 c - a +0 whip
 j - a +0 war axe (weapon)
Missiles
 d - 12 stones (quivered)
Armour
 b - a +0 robe (worn)
 g - a +0 cloak (worn)
Scrolls
 e - 2 scrolls of holy word {unknown}
 i - a scroll of fog {unknown}
Potions
 f - a potion of curing {unknown}
 h - a potion of invisibility {unknown}


   Skills:
 + Level 4.0 Fighting
 + Level 5.0 Axes
 + Level 0.7 Throwing
 + Level 2.8 Dodging
 + Level 1.9 Stealth


You had 3 spell levels left.
You didn't know any spells.
Your spell library contained the following spells:

 Spells                   Type           Power      Damage    Failure   Level
 Ensorcelled Hibernation  Hex/Ice        0%         N/A       47%         2
 Spider Form              Tmut/Pois      0%         N/A       71%         3
 Shadow Creatures         Summ           N/A        N/A       100%        6


Dungeon Overview and Level Annotations

Branches:
Dungeon (2/15)

Altars:

Shops:
D:1 *

Annotations:
D:2 Natasha


Message History

You slash Natasha!
Natasha is severely wounded.
You hit the jackal.
The jackal bites you but does no damage.
Natasha barely misses you.
The jackal bites you but does no damage.
Natasha barely misses you. The jackal bites you.
You closely miss Natasha.
Natasha is severely wounded.
You closely miss the jackal. The jackal closely misses you.
Natasha mumbles some strange words.
The jackal misses you. Natasha closely misses you.
You barely miss Natasha.
Natasha is severely wounded.
You hit the jackal but do no damage.
The jackal bites you but does no damage. x2
Natasha completely misses you.
The jackal bites you but does no damage.
Natasha claws you.
* * * LOW HITPOINT WARNING * * *
You slash Natasha!
You kill Natasha!
Natasha growls in agony!
The shadow imp disappears in a puff of smoke!
You hit the jackal but do no damage. The jackal bites you.
* * * LOW HITPOINT WARNING * * *
The jackal closely misses you.
Your Axes skill increases to level 5!
You have reached level 4!
You closely miss the jackal.
The jackal is almost dead.
The jackal barely misses you. x2; The jackal closely misses you.
You hit the jackal but do no damage.
The jackal is almost dead.
The jackal bites you but does no damage.
Natasha, Servant of Life and Death comes into view.
The jackal bites you.
* * * LOW HITPOINT WARNING * * *
The jackal bites you.
You die...

............##(
#.............. (
#............## (##
#.............##(.##
#...........#.#.(h..
#..............(#.#
#..........†..(....
#.....^......†.#?#.#
###
#####..####†@h......
..# ###..##
#......... #.#
##..[.# #......(..
#.###....##
#.......(.
#.##...#.#
#.........
#.##..##.#
#.........
#....###.#
#.........
##...###.#
##.#######
......##.##


You could see Natasha (wandering) and a jackal.

Vanquished Creatures
  Natasha (D:2)
  A dart slug (D:2)
  4 ball pythons
  3 bats
  2 endoplasms
  A giant cockroach (D:1)
  4 goblins
  3 hobgoblins (D:1)
  3 jackals
  A kobold (D:1)
  3 frilled lizards (D:1)
  3 rats (D:1)
29 creatures vanquished.

Notes
Turn   | Place    | Note
-------+----------+-------------------------------------------
     0 | D:1      | ZARRMARR the Hill Orc Monk began the quest for the Orb.
     0 | D:1      | Reached XP level 1. HP: 19/19 MP: 1/1
   255 | D:1      | Reached XP level 2. HP: 14/27 MP: 2/2
   831 | D:1      | Found Ruly's Assorted Antiques.
   891 | D:1      | Found a faded altar of an unknown god.
  1314 | D:2      | Reached XP level 3. HP: 33/33 MP: 3/3
  1580 | D:2      | Noticed Natasha
  1592 | D:2      | Killed Natasha
  1593 | D:2      | Reached skill level 5 in Axes
  1593 | D:2      | Reached XP level 4. HP: 3/40 MP: 4/4
  1594 | D:2      | Noticed Natasha
  1594 | D:2      | HP: 2/40 [jackal (1)]
  1594 | D:2      | Slain by a jackal

Illustrated notes

Levels and vault maps discovered:
D:1:      shiori_arrival_elements, layout_loops_ring,
          hellmonk_ecumenical_altar_heavens_door, serial_shops, shop_fountains
D:2:      layout_rooms, minmay_misc_feat_pillars, uniq_natasha, uniq_terence

Skill      XL: |  1  2  3 |
---------------+----------+-----
Fighting       | 4 |  4.0
Axes           | 5 |  5.0
Throwing       | |  0.7
Dodging        | |  2.8
Stealth        | |  1.9

Action                   |  1- 3 |  4- 6 || total
-------------------------+-------+-------++-------
Melee: Hand axe          |    50 |       ||    50
       War axe           |    15 |     2 ||    17
Throw: Stone             |    40 |       ||    40
 Stab: Sleeping          |     4 |       ||     4
Armor: Robe              |    19 |     1 ||    20
Dodge: Dodged            |    42 |     3 ||    45
